 Dungeon Crawl Stone Soup version 0.14-a0-817-g3f7b0b1 (webtiles) character file.

139 Malachi the Covered (level 3, -2/29 HPs)
             Began as a Djinni Fighter on Nov 12, 2013.
             Slain by Crazy Yiuf
             ... wielding a +4,+3 quarterstaff of chaos
              (7 damage)
             ... on Level 3 of the Dungeon.
             The game lasted 00:02:21 (1658 turns).

Malachi the Covered (Djinni Fighter)                Turns: 1658, Time: 00:02:21

HP  -2/29        AC 10     Str 17      XL: 3   Next: 82%
MP   0/0         EV  4     Int  8      God:
Gold 79          SH 18     Dex 12      Spells:  0 memorised,  2 levels left

Res.Fire  : + + +   See Invis. : .   a - +0 falchion
Res.Cold  : x . .   Warding    : .   l - +0 chain mail {MR+}
Life Prot.: + + +   Conserve   : .   c - +0 shield
Res.Poison: .       Res.Corr.  : .   (no helmet)
Res.Elec. : .       Clarity    : .   r - +0 cloak
Sust.Abil.: . .     Spirit.Shd : .   (no gloves)
Res.Mut.  : .       Stasis     : .   (boots unavailable)
Res.Rott. : .       Flight     : +   (no amulet)
Saprovore : . . .                    (no ring)
                                     (no ring)

@: flying, mildly poisoned, somewhat resistant to hostile enchantments,
extremely unstealthy
A: fire immunity, cold vulnerability, life protection 3
a: no special abilities


You were on level 3 of the Dungeon.
You were not hungry.

You visited 1 branch of the dungeon, and saw 3 of its levels.

You collected 79 gold pieces.

Inventory:

Hand weapons
 a - a +0,+0 falchion (weapon)
Armour
 c - a +0 shield (worn)
 l - a +0 chain mail of magic resistance (worn)
 r - a +0 cloak (worn)
Scrolls
 d - 3 scrolls of teleportation {unknown}
 g - a scroll of curse weapon {unknown}
 h - 3 scrolls of curse jewellery {unknown}
 i - a scroll of enchant weapon I {unknown}
 k - 2 scrolls of remove curse {unknown}
 m - a scroll of amnesia {unknown}
 p - a scroll of enchant weapon II {unknown}
Potions
 b - a potion of brilliance {unknown}
 e - a potion of heal wounds {unknown}
 f - 2 potions of curing {unknown}
 j - 2 potions of restore abilities {unknown}
 n - a potion of magic {unknown}
 o - a potion of speed {unknown}
 q - a potion of poison {unknown}


   Skills:
 + Level 2.9 Fighting
 * Level 2.5 Long Blades
 + Level 3.7 Armour
 + Level 0.6 Dodging
 + Level 3.7 Shields


You had 2 spell levels left.
You didn't know any spells.

Dungeon Overview and Level Annotations

Branches:
Dungeon (3/27)

Altars:
Kikubaaqudgha
Xom

Annotations:
D:3 Crazy Yiuf


Innate Abilities, Weirdness & Mutations

You are immune to all types of fire, even holy and hellish.
You are vulnerable to cold.
You need no food.
You have no legs.
You are immune to negative energy.


Message History

You closely miss Crazy Yiuf.
Crazy Yiuf is lightly wounded.
Crazy Yiuf barely misses you.
You hit Crazy Yiuf but do no damage.
Crazy Yiuf is lightly wounded.
Crazy Yiuf hits you with a quarterstaff of chaos.
* * * LOW HITPOINT WARNING * * *
You are too injured to fight recklessly!
That item cannot be evoked!
You aren't carrying any items that can be evoked.
Unknown command.
Crazy Yiuf yells, "Goldfish meccalolo bush!"
Your shield and chain mail prevent you from hitting Crazy Yiuf.
Crazy Yiuf is lightly wounded.
Crazy Yiuf hits you but does no damage.
You closely miss Crazy Yiuf.
Crazy Yiuf is lightly wounded.
Crazy Yiuf laughs, "Cake!
Peeping disdain hog."
Crazy Yiuf hits you with a quarterstaff of chaos!
You die...

♣♣♣♣♣♣#
♣♣♣♣♣♣♣♣#########
#♣♣♣)♣).#.#......
#♣g@♣).........#
#....)♣♣♣♣.........#
#)..#♣♣♣♣♣♣.#......#
### #♣ ♣♣♣♣##..####
♣♣♣##....# ##...###
#.....# #..(..#
#..)..#


You could see Crazy Yiuf.

Vanquished Creatures
  An adder (D:2)
  A worm (D:3)
  An ooze (D:1)
  2 orcs
  3 bats (D:1)
  4 goblins
  8 hobgoblins
  4 jackals (D:2)
  A quokka (D:2)
  2 giant newts (D:1)
  7 kobolds
  7 rats
41 creatures vanquished.

Notes
Turn   | Place    | Note
--------------------------------------------------------------
     0 | D:1      | Malachi, the Djinni Fighter, began the quest for the Orb.
     0 | D:1      | Reached XP level 1. HP: 16/16 MP: 0/0
   284 | D:1      | Reached XP level 2. EP: 15/22
   987 | D:2      | Found an ancient bone altar of Kikubaaqudgha.
  1048 | D:2      | Reached XP level 3. EP: 29/29
  1354 | D:2      | Found a shimmering altar of Xom.
  1644 | D:3      | Noticed Crazy Yiuf
  1649 | D:3      | Paralysed by Crazy Yiuf for 3 turns
  1658 | D:3      | Slain by Crazy Yiuf

Action                   || total
-------------------------++-------
Melee: Falchion          ||   181
